 Dungeon Crawl Stone Soup version 0.26.1-2-gb8aa6d0cf2 (webtiles) character file.

Game seed: 14443013290479007787

1090 coolplayer1 the Basher (level 8, 0/48 HPs)
             Began as a Gargoyle Berserker on Mar 20, 2021.
             Was an Elder of Trog.
             Slain by a black bear (2 damage)
             ... on level 6 of the Dungeon on Mar 21, 2021.
             The game lasted 00:31:48 (6581 turns).

coolplayer1 the Basher (Gargoyle Berserker)         Turns: 6581, Time: 00:31:49

Health: 0/48       AC: 19    Str: 24    XL:     8   Next: 31%
Magic:  8/8        EV:  8    Int:  7    God:    Trog [****..]
Gold:   263        SH:  2    Dex:  9    Spells: 7/7 levels left

rFire    . . .     SeeInvis .   s - +2 morningstar (freeze)
rCold    . . .     Faith    .   k - +0 buckler
rNeg     + . .     Spirit   .   z - +0 chain mail (curse)
rPois    ∞         Reflect  .   i - +2 helmet
rElec    +         Harm     .   (no cloak)
rCorr    .         Rampage  .   (no gloves)
Will     .....                  x - +0 pair of boots
Stlth    ..........             (no amulet)
HPRegen  0.16/turn              (no ring)
MPRegen  0.11/turn              (no ring)

@: no status effects
A: negative energy resistance 1, electricity resistance, unbreathing,
petrification resistance, miasma immunity, AC +5
a: Renounce Religion, Berserk, Trog's Hand, Brothers in Arms


You were on level 6 of the Dungeon.
You worshipped Trog.
Trog was greatly pleased with you.
You visited 1 branch of the dungeon, and saw 6 of its levels.

You collected 263 gold pieces.

Inventory:

Hand Weapons
 s - a +2 morningstar of freezing (weapon)
Missiles
 b - 2 throwing nets
Armour
 a - a cursed +0 plate armour
 i - a +2 helmet (worn)
 k - a +0 buckler (worn)
 x - a +0 pair of boots (worn)
 z - a cursed +0 chain mail (worn)
Scrolls
 c - a scroll of fear {unknown}
 f - a scroll of random uselessness {unknown}
 g - 5 scrolls of identify {unknown}
 h - 4 scrolls of remove curse {unknown}
 m - 2 scrolls of enchant armour {unknown}
 n - 4 scrolls of teleportation {unknown}
 w - 2 scrolls of blinking {unknown}
 y - a scroll of enchant weapon {unknown}
Potions
 d - 4 potions of curing
 e - 2 potions of ambrosia {unknown}
 j - a potion of brilliance {unknown}
 l - a potion of resistance
 t - 3 potions of heal wounds {unknown}
 u - a potion of lignification {unknown}
 v - a potion of degeneration {unknown}


   Skills:
 + Level 4.8 Fighting
 * Level 8.4 Maces & Flails
 + Level 4.9 Armour
 - Level 1.7 Dodging


You had 7 spell levels left.
You didn't know any spells.
Your spell library was empty.

Dungeon Overview and Level Annotations

Branches:
Dungeon (6/15)
 Temple: D:4-7

Altars:
Cheibriados
Fedhas
Kikubaaqudgha
Nemelex Xobeh
Okawaru
Qazlal
Ru
Trog
Xom
The Shining One

Shops:
D:5 (

Annotations:
D:6 Blork the orc


Innate Abilities, Weirdness & Mutations

You are resistant to torment.
Your stone body is resilient. (AC +5)
You are immune to poison.
You resist negative energy. (rN+)
You are resistant to electric shocks. (rElec)
You can survive without breathing.
You are immune to petrification.
You are immune to miasma.


Message History

You barely miss the wight.
The wight is heavily damaged.
The wight hits you but does no damage.
You hit the wight.
The wight is severely damaged.
The wight hits you but does no damage.
You barely miss the wight.
The wight is severely damaged.
The wight hits you but does no damage.
The orc shouts!
You sock the wight!
You destroy the wight!
Trog accepts your kill.
You hit the black bear. You freeze the black bear.
The black bear is lightly wounded.
The black bear bites you.
* * * LOW HITPOINT WARNING * * *
The black bear claws you but does no damage.
The black bear claws you.
You die...

###......###.. .
#.....### #
###.......#
##..#.....#
.##.#.#..##
..........#
.........##
.##....(.#########
.###.(((..o{{.zh@#
..........)o######
..........###
..........#
........###
....)†### ##...##
##)..# #...##


You could see a black bear, a wight and 2 orcs.

Vanquished Creatures
  2 ogres
  2 centaurs
  3 wights (D:6)
  2 howler monkeys
  A jelly (D:6)
  A hound (D:5)
  3 orc priests
  A bullfrog skeleton (D:4)
  An iguana (D:4)
  3 orc wizards
  3 worker ants
  4 gnolls (D:3)
  4 adders
  3 white imps
  An ufetubus (D:6)
  6 dart slugs
  3 leopard geckos
  19 orcs
  A ball python (D:5)
  9 bats
  3 giant cockroaches
  6 goblins
  A hobgoblin (D:3)
  7 jackals
  6 frilled lizards
  7 kobolds
  2 quokka skeletons
  3 rats
107 creatures vanquished.

Vanquished Creatures (others)
  4 plants (D:3)
4 creatures vanquished.

Grand Total: 111 creatures vanquished

Notes
Turn   | Place    | Note
-------+----------+-------------------------------------------
     0 | D:1      | coolplayer1 the Gargoyle Berserker began the quest for the
                  | Orb.
     0 | D:1      | Reached XP level 1. HP: 14/14 MP: 1/1
   104 | D:1      | You fall into a shaft and drop 1 floor!
   162 | D:2      | Reached XP level 2. HP: 14/19 MP: 2/2
   188 | D:2      | Found a snail-covered altar of Cheibriados.
   507 | D:1      | Reached XP level 3. HP: 21/24 MP: 3/3
   972 | D:1      | Reached ** piety under Trog
  1366 | D:2      | Found a sacrificial altar of Ru.
  1373 | D:2      | Reached skill level 4 in Maces & Flails
  1373 | D:2      | Reached XP level 4. HP: 29/29 MP: 4/4
  1473 | D:2      | Found a stormy altar of Qazlal.
  2826 | D:3      | Found a blossoming altar of Fedhas.
  2879 | D:3      | Reached XP level 5. HP: 33/33 MP: 5/5
  2988 | D:3      | Found a sparkling altar of Nemelex Xobeh.
  3286 | D:3      | Reached skill level 5 in Maces & Flails
  4048 | D:4      | Reached *** piety under Trog
  4049 | D:4      | Reached XP level 6. HP: 29/38 MP: 6/6
  4267 | D:4      | Found a glowing golden altar of the Shining One.
  4272 | D:4      | Reached skill level 6 in Maces & Flails
  4650 | D:4      | Found a bloodstained altar of Trog.
  4650 | D:4      | Found an iron altar of Okawaru.
  4651 | D:4      | Found a shimmering altar of Xom.
  4824 | D:4      | Found an ancient bone altar of Kikubaaqudgha.
  5098 | D:4      | Reached XP level 7. HP: 44/44 MP: 7/7
  5219 | D:5      | Entered Level 5 of the Dungeon
  5432 | D:5      | Reached skill level 7 in Maces & Flails
  5433 | D:5      | Found Raympit's Weapon Boutique.
  6488 | D:6      | Reached XP level 8. HP: 32/48 MP: 8/8
  6506 | D:6      | Reached skill level 8 in Maces & Flails
  6541 | D:6      | Reached **** piety under Trog
  6542 | D:6      | Noticed Blork the orc
  6569 | D:6      | HP: 1/48 [black bear (2)]
  6581 | D:6      | HP: 2/48 [black bear (1)]
  6581 | D:6      | Slain by a black bear

Illustrated notes

Levels and vault maps discovered:
D:1:      dpeg_arrival_orchard, layout_loops_cross
D:2:      layout_basic, old_standard_altar, kennysheep_slug_shrine,
          nicolae_ru_great_annihilating_truth
D:3:      layout_basic, nemelex_xobeh_ov_fountains_minmay, fedhas_ov_isle_minmay
D:4:      minmay_spotlight, layout_cave_pools, gammafunk_temple_overflow_claw,
          kiku_gazebo_pond_becter, serial_co_window_serial, co_window_corner_a,
          co_window_of_opportunity_a, co_window_corner_a, co_window_paths_a,
          co_window_corner_a, co_window_unsneaky_path_b, co_window_broadway_b,
          co_window_cross_2, co_window_unsneaky_path_a, co_window_4corner_b,
          glass_columns_c, glass_columns_a, glass_columns_c, tso_altar
D:5:      layout_loops_corners, serial_shops, shop
D:6:      layout_cave_pools, serial_shops, shop, portal_sewer_entry_d,
          uniq_blork_the_orc, uniq_menkaure

Skill      XL: |  1  2  3  4  5  6  7  8 |
---------------+-------------------------+-----
Maces & Flails | 4 5 6 7 8 |  8.4
Fighting       | 4 |  4.8
Armour         | 3 4 |  4.9
Dodging        | |  1.7

Action                   |  1- 3 |  4- 6 |  7- 9 || total
-------------------------+-------+-------+-------++-------
Melee: Mace              |    88 |    36 |       ||   124
       Flail             |       |    32 |       ||    32
       Morningstar       |       |    69 |   103 ||   172
Invok: Berserk           |     2 |     5 |     2 ||     9
  Use: Potion            |       |       |     4 ||     4
 Stab: Paralysed         |       |     1 |       ||     1
Armor: Ring mail         |    45 |    29 |       ||    74
       Animal skin       |     2 |       |       ||     2
       Chain mail        |       |    88 |   124 ||   212
Dodge: Dodged            |    71 |    77 |    53 ||   201
Block: Buckler           |     4 |    20 |    17 ||    41
